 Dungeon Crawl Stone Soup version 0.24-a0-545-gd1b266bae6 (webtiles) character file.

Game seed: 13323319088389448566

618 Gargoyl the Skirmisher (level 7, 0/60 HPs)
             Began as a Centaur Abyssal Knight on Aug 17, 2019.
             Was a Believer of Lugonu.
             Slain by Pikel
             ... wielding a +1 whip of freezing
              (4 damage)
             ... on level 4 of the Dungeon on Aug 18, 2019.
             The game lasted 00:10:52 (4025 turns).

Gargoyl the Skirmisher (Centaur Abyssal Knight)     Turns: 4025, Time: 00:10:52

Health: 0/60       AC:  4    Str: 15    XL:     7   Next: 21%
Magic:  18/18      EV:  8    Int: 11    God:    Lugonu [**....]
Gold:   126        SH:  3    Dex: 10    Spells: 6/6 levels left

rFire    . . .     SeeInvis .   a - +1 hand axe
rCold    . . .     Gourm    .   g - +0 buckler
rNeg     . . .     Faith    .   b - +0 leather armour
rPois    .         Spirit   .   (no helmet)
rElec    .         Reflect  .   (no cloak)
rCorr    .         Harm     .   (no gloves)
MR       .....     Rnd*Tele +   (no barding)
Stlth    +.........             (no amulet)
HPRegen  0.20/turn              j - ring of teleportation (curse)
MPRegen  0.16/turn              s - ring of magical power

@: very quick
A: large, hooves 3, deformed body, speed 2, tough skin 3
a: Depart the Abyss, Bend Space, Renounce Religion


You were on level 4 of the Dungeon.
You worshipped Lugonu.
Lugonu was pleased with you.
You were hungry.

You visited 1 branch of the dungeon, and saw 4 of its levels.
You visited the Abyss 1 time.

You collected 126 gold pieces.

Inventory:

Hand Weapons
 a - a +1 hand axe (weapon)
Armour
 b - a +0 leather armour (worn)
 g - a +0 buckler (worn)
Jewellery
 j - a cursed ring of teleportation (left hand)
 s - a ring of magical power (right hand)
Scrolls
 e - 5 scrolls of teleportation
 f - a scroll of enchant armour {unknown}
 l - a scroll of blinking {unknown}
 q - a scroll of identify
 r - a scroll of magic mapping
Potions
 d - 4 potions of heal wounds
 i - a potion of curing {unknown}
 k - a potion of flight {unknown}
Comestibles
 c - 3 rations


   Skills:
 + Level 4.6 Fighting
 + Level 4.0 Axes
 * Level 2.1 Armour
 * Level 1.5 Dodging
 - Level 2.5 Stealth
 * Level 3.1 Invocations
   Level 0.3 Evocations


You had 6 spell levels left.
You didn't know any spells.
Your spell library was empty.

Dungeon Overview and Level Annotations

Branches:
Dungeon (4/15)
 Temple: D:4-7

Altars:
Okawaru
Trog

Annotations:
D:4 Pikel


Innate Abilities, Weirdness & Mutations

You have hooves in place of feet.
Armour fits poorly on your strangely shaped body.
You cover ground very quickly.
You have extremely tough skin. (AC +3)


Message History

Pikel is almost dead.
Pikel hits you with a +1 whip of freezing.
Pikel freezes you.
* * * LOW HITPOINT WARNING * * *
You hit Pikel but do no damage. You kick Pikel.
Pikel is almost dead.
Pikel hits you but does no damage.
Unknown command.
Unknown command.
You hit Pikel but do no damage.
Pikel is almost dead.
Pikel hits you with a +1 whip of freezing!
* * * LOW HITPOINT WARNING * * *
Pikel freezes you.
* * * LOW HITPOINT WARNING * * *
Unknown command.
You miss Pikel. Your kick misses Pikel.
Pikel is almost dead.
Pikel hits you with a +1 whip of freezing.
You die...

#.##.# ##.....# #.#
#.# #.##.#
*#)..(..####.# #.#
#.##.#
#.........>..# #.#
#.##.#
##......#.#### #.#
..##.#
##.....#.########.#
.###.#
####.#.............#
.# #.#
#.......#.##########
.# #.# #.####.#..#
.# #.# *.## #.#@##
[# #.# *..# #.#K#
.###.# *#.###.#p#
.....##**#....$pp##
..###...##..##....#
..# *.#...........#
..#**.#.##..####.?#
...,,.#.....# #..#
...#######[.# #..#


You could see Pikel and 3 slaves.

Vanquished Creatures
  A raiju (Abyss:3)
  A small abomination (Abyss:2)
  A slave (D:4)
  Blork the orc (D:4)
  Ijyb (D:4)
  A worker ant (D:4)
  5 adders
  An ooze (D:2)
  4 worms
  6 dart slugs
  6 leopard geckos
  3 orcs (D:3)
  2 ball pythons
  3 giant cockroaches
  10 goblins
  11 hobgoblins
  12 jackals
  6 kobolds
  A quokka (D:3)
  7 bats
  5 frilled lizards
  7 rats
95 creatures vanquished.

Notes
Turn   | Place    | Note
-------+----------+-------------------------------------------
     0 | Abyss:1  | Gargoyl the Centaur Abyssal Knight began the quest for the
                  | Orb.
     0 | Abyss:1  | Reached XP level 1. HP: 19/19 MP: 2/2
    14 | Abyss:1  | Found a corrupted altar of Lugonu.
    26 | Abyss:1  | Found a basalt altar of Yredelemnul.
    30 | Abyss:1  | Found a corrupted altar of Lugonu.
    77 | Abyss:2  | Noticed a small abomination
   107 | Abyss:2  | Killed a small abomination
   107 | Abyss:2  | Reached skill level 1 in Stealth
   107 | Abyss:2  | Reached XP level 2. HP: 27/27 MP: 3/3
   107 | Abyss:2  | Reached XP level 3. HP: 33/33 MP: 4/4
   107 | Abyss:2  | Reached XP level 4. HP: 40/40 MP: 5/5
   107 | Abyss:2  | Reached XP level 5. HP: 46/46 MP: 6/6
   131 | Abyss:3  | Noticed a raiju
   131 | Abyss:3  | Noticed a raiju
   131 | Abyss:3  | Noticed a raiju
   142 | Abyss:3  | Killed a raiju
   142 | Abyss:3  | Reached XP level 6. HP: 47/52 MP: 7/7
   143 | D:1      | Escaped the Abyss
   365 | D:1      | Reached * piety under Lugonu
  1259 | D:2      | Reached skill level 1 in Dodging
  1729 | D:2      | Reached ** piety under Lugonu
  1804 | D:2      | Found a bloodstained altar of Trog.
  2380 | D:3      | Found an iron altar of Okawaru.
  3315 | D:4      | Noticed Blork the orc
  3325 | D:4      | Killed Blork the orc
  3325 | D:4      | Reached XP level 7. HP: 45/60 MP: 9/9
  3640 | D:4      | Upgraded the game from 0.24-a0-539-g6aae15eeb0 to
                  | 0.24-a0-545-gd1b266bae6
  3803 | D:4      | Noticed Ijyb
  3842 | D:4      | Killed Ijyb
  3949 | D:4      | Noticed Pikel
  4025 | D:4      | Slain by Pikel

Levels and vault maps discovered:
D:1:      lemuel_arrival_muddy, layout_basic
D:2:      layout_rooms, trog_hazing_becter
D:3:      layout_basic, kennysheep_okawaru_gauntlet,
          hangedman_abyss_or_decor_lesser_grid
D:4:      layout_loops_ring, portal_sewer_entry_d, uniq_blork_the_orc,
          uniq_pikel, uniq_ijyb

Skill      XL: |  1  2  3  4  5  6  7 |
---------------+----------------------+-----
Fighting       | 4 |  4.6
Axes           | 2 3 4 |  4.0
Stealth        | 1 2 |  2.5
Dodging        | 1 |  1.5
Armour         | 2 |  2.1
Invocations    | 3 |  3.1
Evocations     | |  0.3

Action                   |  1- 3 |  4- 6 |  7- 9 || total
-------------------------+-------+-------+-------++-------
Melee: Hand axe          |    10 |   214 |    99 ||   323
       Kick              |     4 |    38 |    16 ||    58
       Unarmed           |       |       |    23 ||    23
Invok: Depart the Abyss  |       |     1 |       ||     1
Evoke: Wand              |     4 |     1 |       ||     5
  Use: Scroll            |       |     5 |     1 ||     6
       Potion            |       |       |     6 ||     6
 Stab: Paralysed         |    10 |     8 |       ||    18
       Sleeping          |       |     2 |       ||     2
  Eat: Chunk             |       |     4 |       ||     4
       Ration            |       |     1 |       ||     1
Armor: Leather armour    |     1 |    84 |    10 ||    95
       Skin              |       |       |    36 ||    36
Dodge: Dodged            |       |   118 |    26 ||   144
Block: Buckler           |       |    20 |     9 ||    29

Table legend:
 A = Non-vault XP
 B = Vault XP
 C = Vault XP percentage of total XP
 D = Non-vault monster count
 E = Vault monster count
 F = Vault count percentage of total count
                 A         B        C        D         E       F
            +---------+---------+-------+---------+---------+-------
      Total |     741 |     143 |  16.2 |      86 |       8 |   8.5
            +---------+---------+-------+---------+---------+-------
        D:1 |      60 |       0 |   0.0 |      28 |       0 |   0.0
        D:2 |     102 |      11 |   9.7 |      24 |       6 |  20.0
        D:3 |      66 |       0 |   0.0 |      25 |       0 |   0.0
        D:4 |      45 |     132 |  74.6 |       7 |       2 |  22.2
    Abyss:2 |     206 |       0 |   0.0 |       1 |       0 |   0.0
    Abyss:3 |     262 |       0 |   0.0 |       1 |       0 |   0.0
            +---------+---------+-------+---------+---------+-------
